Cogmind - Beta 10.2 @@@ ROGUE MODE // 2021.01.18 @ 00:27:44 Player: Boris Result: Destroyed by 8R-AWN with 8R-AWN's Boregun Performance ------------- Evolutions (0) 0 Regions Visited (3) 600 Robots Destroyed (23) 115 Value Destroyed (410) 410 Prototype IDs (23) 460 Alien Tech Used (0) 0 Bonus (288) 288 TOTAL SCORE: 1873 Bonus ------- Aligned with FarCom 300 Friendly Fire -12 Cogmind --------- Core Integrity 0/250 Matter 210/300 Energy 240/250 System Corruption 2% Temperature Cool (0) Movement Rolling (110) Ox1 Location -10/Exiles Parts ------- > --- POWER (1) -------- Ion Engine > --- PROPULSION (2) --- Armored Treads Compact Wheel > --- UTILITY (2) ------ Large Storage Unit > --- WEAPON (2) ------- Assault Rifle > --- INVENTORY (10) --- Light Treads Light Treads Light Treads Peak State ------------ > --- POWER ------------ Ion Engine > --- PROPULSION ------- Light Treads Compact Wheel > --- UTILITY ---------- Large Storage Unit Light Armor Plating > --- WEAPON ----------- AWS/Gauss > --- INVENTORY -------- Ion Engine Nuclear Core Reinforced Deuterium Engine Fission Core Light Treads Light Treads Light Treads Armored Treads Assault Rifle [Rating: 23] Favorites ----------- Power Light Ion Engine Engine Light Ion Engine Propulsion Light Treads Treads Light Treads Wheel Compact Wheel Utility Large Storage Unit Device Heat Sink Storage Large Storage Unit Protection Light Armor Plating Weapon Assault Rifle Energy Gun Medium Laser Ballistic Gun Assault Rifle Ballistic Cannon Light Cannon Impact Weapon Hammer Build | -11 -10 -10 -10 ------- Run | Scr Mat Min Exi Slots Evolved . | . . . . Power . | . . . . Propulsion . | . . . . Utility . | . . . . Weapon . | . . . . Parts Attached 32 | 6 11 5 10 Power 4 | 1 1 1 1 Engine 4 | 1 1 1 1 Core . | . . . . Reactor . | . . . . Propulsion 9 | 2 2 3 2 Treads 4 | 1 1 1 1 Leg . | . . . . Wheel 5 | 1 1 2 1 Hover . | . . . . Flight . | . . . . Utility 6 | 1 4 . 1 Device 1 | . 1 . . Storage 4 | 1 3 . . Processor . | . . . . Hackware . | . . . . Protection 1 | . . . 1 Artifact . | . . . . Weapon 13 | 2 4 1 6 Energy Gun 2 | 1 1 . . Energy Cannon . | . . . . Ballistic Gun 9 | 1 2 . 6 Ballistic Cannon 1 | . 1 . . Launcher . | . . . . Special Weapon . | . . . . Impact Weapon 1 | . . 1 . Slashing Weapon . | . . . . Piercing Weapon . | . . . . Special Melee Weapon . | . . . . Unidentified Prototypes . | . . . . Parts Lost 6 | . 2 . 4 Power 2 | . 1 . 1 Propulsion 1 | . . . 1 Utility 1 | . . . 1 Weapon 2 | . 1 . 1 Highest Loss Streak 4 | . 1 . 4 Average Slot Usage (%) 97 | . 97 100 95 Engine 13 | . 13 14 13 Treads 15 | . 13 17 16 Wheel 12 | . 14 10 11 Device 1 | . 3 . . Storage 22 | . 23 28 19 Protection 2 | . . . 8 Ballistic Gun 24 | . 23 27 25 Naked Turns . | . . . . Heaviest Build 41 | 11 39 41 41 Greatest Support 40 | 20 20 40 40 Greatest Overweight (x) 3 | . 3 3 2 Average Overweight (x) 1 | . 1 1 1 Largest Inventory Capacity 16 | 6 16 16 16 Average Capacity 12 | 5 12 16 12 Most Carried 16 | 2 16 16 16 Average Carried 11 | 1 10 15 10 Final Capacity 16 | 6 16 16 10 Final Carried 16 | 2 16 16 3 Class Distribution -------------------- 100% | Mutant Dominant Class ---------------- Mutant | -10/Materials Mutant | -10/Mines Mutant | -10/Exiles Resources | -11 -10 -10 -10 ----------- Run | Scr Mat Min Exi Matter Collected 756 | 251 469 36 . Remotely . | . . . . Salvage Created 710 | 51 588 . 71 Parts 44 | 1 39 . 4 Haulers Intercepted 1 | . 1 . . Recyclers Shooed 1 | 1 . . . Parts Field Recycled . | . . . . Retrieved Matter . | . . . . Parts Self-Destructed . | . . . . Prevented . | . . . . Kills | -11 -10 -10 -10 ------- Run | Scr Mat Min Exi Combat Hostiles Destroyed 17 | . 14 . 3 Guns 14 | . 11 . 3 Cannons 3 | . 3 . . Classes Destroyed 10 | 1 7 . 2 Worker 1 | . 1 . . Builder 1 | . 1 . . Hauler 1 | . 1 . . Recycler 2 | 1 1 . . Operator 1 | . 1 . . Watcher 2 | . 2 . . Swarmer 6 | . 6 . . Grunt 8 | . 8 . . Zionite 1 | . . . 1 Assembled 3 | . . . 3 Best Kill Streak 4 | 1 4 . 4 Combat Bots Only 3 | . 3 . 3 Max Kills in Single Turn 2 | 1 2 . 1 Gunslinging . | . . . . Exploded . | . . . . Melee . | . . . . Uniques/NPCs Destroyed . | . . . . Combat | -11 -10 -10 -10 -------- Run | Scr Mat Min Exi Damage Taken 1420 | . 565 . 855 Core 253 | . 111 . 142 Absorbed by Shields . | . . . . Core Remaining (%) 100 | 100 . . . Volleys Fired 79 | 7 62 . 10 Largest 2 | 2 2 . 2 Hottest 70 | 70 70 . 40 Shots Fired 193 | 14 124 . 55 Gun 175 | 14 106 . 55 Cannon 18 | . 18 . . Launcher . | . . . . Special . | . . . . Kinetic 171 | 7 109 . 55 Thermal 22 | 7 15 . . Explosive . | . . . . Electromagnetic . | . . . . Robot Hit Streak 24 | 7 11 . 24 Robot Miss Streak 3 | 1 3 . 1 Penetration Max . | . . . . Secondary Targets . | . . . . Autonomous 39 | . . . 39 Shots Hit Robots 143 | 12 79 . 52 Core Hits 42 | 2 29 . 11 Critical Hits . | . . . . Critical Kills . | . . . . Critical Parts Destroyed . | . . . . Melee Attacks 2 | . . 2 . Impact 2 | . . 2 . Slashing . | . . . . Piercing . | . . . . Sneak Attacks . | . . . . Combat Hostiles . | . . . . Follow-up Attacks . | . . . . Damage Inflicted 2540 | 154 1035 . 1351 Guns 2321 | 154 855 . 1312 Cannons 180 | . 180 . . Explosions . | . . . . Melee . | . . . . Ramming 39 | . . . 39 Kinetic 2313 | 90 911 . 1312 Thermal 188 | 64 124 . . Explosive . | . . . . Electromagnetic . | . . . . Impact . | . . . . Slashing . | . . . . Piercing . | . . . . Highest Corruption 2 | . 2 2 2 Average Corruption 1 | . 1 2 2 Corruption Purged . | . . . . Effects 19 | . 7 3 9 Message Errors 11 | . 3 2 6 Heat Flow Errors 4 | . 2 1 1 Energy Discharges 1 | . 1 . . Data Loss (minor) 1 | . . . 1 Targeting Errors 2 | . 1 . 1 Overload Shots . | . . . . Overflow Damage . | . . . . Projectiles . | . . . . Explosions . | . . . . Melee . | . . . . Knockbacks 4 | . 3 . 1 Impact 1 | . . . 1 Kinetic 3 | . 3 . . Secondary . | . . . . Self-Inflicted Damage . | . . . . Shots . | . . . . Rammed 18 | . . . 18 Targets Rammed 18 | . . . 18 Kicked . | . . . . Crushed . | . . . . Highest Temperature 270 | 63 270 110 259 Average Temperature 69 | 31 69 60 131 Received Heat Transfer 204 | . 204 . . Siege Activations . | . . . . Robots Corrupted . | . . . . Combat Hostiles . | . . . . Parts Fried . | . . . . Impact Corruptions . | . . . . Robots Melted . | . . . . Combat Hostiles . | . . . . Parts Melted . | . . . . Heat Transferred 555 | 185 370 . . Parts Sabotaged . | . . . . Parts Stolen . | . . . . Parts Stripped . | . . . . Power Chain Reactions . | . . . . Missiles Intercepted . | . . . . Alert | -11 -10 -10 -10 ------- Run | Scr Mat Min Exi Peak Influence 317 | 5 317 2 . Initial 3 | . 3 2 . Average 62 | 1 91 1 . Maximum Alert Level 1 | . 1 . . Low Security (%) 91 | 100 87 100 . Level 1 8 | . 12 . . Level 2 . | . . . . Level 3 . | . . . . Level 4 . | . . . . Level 5 . | . . . . High Security . | . . . . Max Security . | . . . . Squads Dispatched 6 | . 4 2 . Investigation 1 | . 1 . . Extermination . | . . . . Reinforcement 3 | . 3 . . Assault 2 | . . 2 . Garrison . | . . . . Intercept . | . . . . Construction Impeded . | . . . . Haulers Reinforced . | . . . . Stealth | -11 -10 -10 -10 --------- Run | Scr Mat Min Exi Distress Signals 4 | . 4 . . Communications Jammed . | . . . . Distress Signals . | . . . . Times Spotted 34 | . 31 . 3 Peak Tracking Total 10 | . 5 1 10 Tactical Retreats 3 | . 3 . . Traps | -11 -10 -10 -10 ------- Run | Scr Mat Min Exi Traps Triggered 3 | . 3 . . Indirectly . | . . . . Trap Hack Attempts . | . . . . Triggered . | . . . . Disarmed . | . . . . Reprogrammed . | . . . . Reused . | . . . . Traps Extracted . | . . . . Installed . | . . . . Triggered 1 | . . 1 . Exploded 3 | . . . 3 Machines | -11 -10 -10 -10 ---------- Run | Scr Mat Min Exi Machines Disabled 1 | . . . 1 Max in Single Turn 1 | . . . 1 Machines Sabotaged . | . . . . Garrisons Compromised . | . . . . Overloaded Fab Kills . | . . . . Fab Network Shutdowns . | . . . . Hacking | -11 -10 -10 -10 --------- Run | Scr Mat Min Exi Machines Accessed 10 | . 8 1 1 Terminals 5 | . 5 . . Fabricators . | . . . . Repair Stations 1 | . 1 . . Recycling Units 2 | . 2 . . Scanalyzers . | . . . . Garrison Access . | . . . . Total Hacks 32 | . 30 1 1 Successful 15 | . 13 1 1 Failed 17 | . 17 . . Catastrophic 3 | . 3 . . Database Lockouts . | . . . . Manual 10 | . 9 . 1 Terminals 16 | . 16 . . Fabricators . | . . . . Repair Stations 8 | . 8 . . Recycling Units 6 | . 6 . . Scanalyzers . | . . . . Garrison Access . | . . . . Terminal Hacks 9 | . 7 1 1 Part Schematic 1 | . 1 . . Robot Analysis 2 | . 2 . . Open Door 1 | . . 1 . Unreport Threat 2 | . 2 . . Hauler Manifests 1 | . 1 . . Zone Layout 1 | . 1 . . EX-Prototype ID Bank 1 | . . . 1 Fabricator Hacks . | . . . . Repair Station Hacks 4 | . 4 . . Scan Component 2 | . 2 . . Repair 2 | . 2 . . Recycling Unit Hacks 1 | . 1 . . Retrieve Components 1 | . 1 . . Scanalyzer . | . . . . Garrison Access Hacks . | . . . . Unauthorized Hacks 1 | . 1 . . Terminals 1 | . 1 . . Track 1 | . 1 . . Fabricators . | . . . . Repair Stations . | . . . . Recycling Units . | . . . . Scanalyzers . | . . . . Garrison Access . | . . . . Data Cores Recovered . | . . . . Used . | . . . . Hacking Detections 6 | . 6 . . Full Trace Events . | . . . . Feedback Events . | . . . . Feedback Blocked . | . . . . Robot Schematics Acquired . | . . . . Robots Built . | . . . . Matter . | . . . . Time . | . . . . Total Robot Build Rating . | . . . . Part Schematics Acquired 1 | . 1 . . Parts Built . | . . . . Matter . | . . . . Time . | . . . . Total Part Build Rating . | . . . . Parts Repaired 2 | . 2 . . Time 52 | . 52 . . Parts Recycled . | . . . . Recycled Matter . | . . . . Retrieved Matter . | . . . . Retrieved Components 9 | . 9 . . Parts Scanalyzed . | . . . . Part Schematics Acquired . | . . . . Parts Damaged . | . . . . Bothacking | -11 -10 -10 -10 ------------ Run | Scr Mat Min Exi Used RIF Installer . | . . . . Robots Hacked . | . . . . Non-combat . | . . . . Combat . | . . . . Robot Hacks Applied . | . . . . Relay Couplers Released . | . . . . Robots Rewired . | . . . . Allies Hacked . | . . . . Hacks Repelled . | . . . . Allies | -11 -10 -10 -10 -------- Run | Scr Mat Min Exi Total Allies 1 | . . 1 . Largest Group 1 | . . 1 . Highest-Rated Group 31 | . . 31 . Highest-Rated Ally 31 | . . 31 . Total Orders . | . . . . Ally Attacks . | . . . . Total Damage . | . . . . Kills . | . . . . Allies Corrupted . | . . . . Allies Melted . | . . . . Intel | -11 -10 -10 -10 ------- Run | Scr Mat Min Exi Robot Analysis Total 2 | . 2 . . Derelict Logs Recovered 1 | . . 1 . Drone Launches . | . . . . Drone Recoveries . | . . . . Exploration | -11 -10 -10 -10 ------------- Run | Scr Mat Min Exi Turns Passed 2415 | 75 1122 453 765 Spaces Moved 1637 | 42 719 331 545 Core 2 | 2 . . . Treads 140 | 4 59 70 7 Legs . | . . . . Wheels 1495 | 36 660 261 538 Hover . | . . . . Flight . | . . . . Fastest Speed 50 | 50 90 110 110 Average Speed 116 | 103 111 131 115 Slowest Speed 180 | 160 180 180 165 Overloaded Moves . | . . . . Propulsion Burnouts . | . . . . Robots Hopped . | . . . . Cave-ins Triggered . | . . . . Exploration Rate (%) 54 | 4 90 62 63 Regions Visited 3 Branch Regions 2 Pre-discovered Areas . | . . . . Known Exits Taken . | . . . . Unknown Exits Taken 3 | 1 1 1 . Scrap Searched 2 | . . 2 . Spaces Dug 2 | . . 2 . Terrain Destroyed 20 | . . 2 18 Melee 2 | . . 2 . Projectile 18 | . . . 18 AOE . | . . . . Terrain Rammed . | . . . . Walls Destroyed . | . . . . Machines Disabled . | . . . . Actions | -11 -10 -10 -10 --------- Run | Scr Mat Min Exi Total 1985 | 57 919 348 661 Wait 152 | . 100 . 52 Move 1634 | 41 718 330 545 Hop . | . . . . Pick Up 33 | 3 19 5 6 Fast Attach 12 | 5 5 1 1 Attach 13 | 1 3 2 7 Detach 4 | . 2 . 2 Swap 7 | . 3 2 2 Drop 31 | . 7 6 18 Fire 79 | 7 62 . 10 Melee 2 | . . 2 . Ram . | . . . . Kick . | . . . . Crush 18 | . . . 18 Escape Stasis . | . . . . Rewire . | . . . . Trap . | . . . . Miscellaneous . | . . . . Route ------- -11/Scrapyard -10/Materials (discovered 4 exits: [*Mat x3] / *Min) -10/Mines (discovered 2 exits: [*Mat] / *Exi) -10/Exiles (discovered 1 exit: [*Min]) History --------- Turn | Location | Event 4 | -11/Scrapyard | Discovered new exit (range 16) 76 | -11/Scrapyard | Entered Materials 203 | -10/Materials | Discovered new exit (range 11) 301 | -10/Materials | Build established: Mutant 411 | -10/Materials | Discovered new exit (range 11) 532 | -10/Materials | Discovered new exit (range 10) 674 | -10/Materials | Repaired Assault Rifle 702 | -10/Materials | Repaired Lgt. Treads 973 | -10/Materials | Discovered new exit (range 16) 1198 | -10/Materials | Entered Mines 1226 | -10/Mines | Learned Materials trap positions 1231 | -10/Mines | Deemed a non-threat by the Exiles lab entrance 1233 | -10/Mines | Discovered new exit (range 5) 1245 | -10/Mines | Met a Derelict testing a Signal Generator 1249 | -10/Mines | Found Signal Generator 1280 | -10/Mines | Found a damaged Exp. Sensor Array with a note attached 1283 | -10/Mines | Found Prototype Device 1304 | -10/Mines | Discovered new exit (range 14) 1475 | -10/Mines | Met a Derelict who couldn't figure out how to use a Trap Extractor 1651 | -10/Mines | Entered Exiles 1683 | -10/Exiles | Met 8R-AWN 1703 | -10/Exiles | Met EX-HEX 1736 | -10/Exiles | Met EX-BIN 1749 | -10/Exiles | Aligned with FarCom system 1750 | -10/Exiles | Given EX-Vault access code 1778 | -10/Exiles | Opened EX-Vault 1804 | -10/Exiles | Warned to stay clear of 0b10 Research branches 1841 | -10/Exiles | Met EX-DEC 1894 | -10/Exiles | Discovered new exit (range 14) 2039 | -10/Exiles | Found AWS/Gauss 2268 | -10/Exiles | Attacked by the Exiles 2366 | -10/Exiles | Core integrity fell below 50% 2402 | -10/Exiles | Core integrity fell below 20% 2416 | -10/Exiles | Destroyed by 8R-AWN with 8R-AWN's Boregun Last Messages --------------- 02389_ HV Slug penetrates Earth. 02389_ HV Slug penetrates Wall. 02389_ HV Slug penetrates Earth. 02392_ Penetrated by HV Slug. 02392_ HV Slug penetrates Wall. 02392_ Penetrated by HV Slug. 02392_ HV Slug penetrates Wall. 02394_ Penetrated by HV Slug. 02394_ HV Slug penetrates Machine. 02394_ Machine disabled. 02394_ Penetrated by HV Slug. 02407_ Critical hit. 02407_ Lgt. Treads destroyed. 02407_ Penetrated by HV Slug. 02407_ HV Slug penetrates Wall. 02410_ System corrupted: Assault Rifle targeting data glitched. 02411_ Penetrated by HV Slug. 02411_ Critical hit. 02411_ Assault Rifle destroyed. 02416_ Penetrated by HV Slug. Map ----- +----------------------------------------------------+ | ?????????????????????????????????????????????????? | | ?????????????????????????????????????????????????? | | ?????????????#####???????????????????????????????? | | ????????????##[! ##??????????????????????????????? | | ????????????#!]!/ #??????????????????????????????? | | ????????????#[[< #??????????????????????????????? | | ????????????#!!! ###????????????????????????????? | | ????????????# #????????????????????????????? | | ????????????# ##????????????????????????????? | | ????????????## #?????????????????????????????? | | ?????????????# ##????????????????????????????? | | ?????????????## #????????????#######?????????? | | ??????????????# #######??????#!!! "#?????????? | | ??????????????# #""##?##??# "#?????????? | | ??????????????## ## #??# "#?????????? | | ???????????????##" #" #?## ""#?????????? | | ???????????????#"" ""###" ""#?????????? | | ???????????????#### ;;" ""#?????????? | | ??????????????????## #" #???????????? | | ???????????????????#"## #???????????? | | ???????????????????####### ##??????????? | | ?????????????????????????### "####???????? | | ???????????????????#######; ;;"#???????? | | ??????????????###### !!""" % " #????? | | ??????????????# ;! ;##"" % """###??? | | ??????????????????#;! g@ ; ;; """#### | | ??????????????????##! #####" * | | ???????????????????# !"" ;##???#"# | | ???????????????????#######;#;#????#### * | | ?????????????????????????# # #???????### | | ?????????????????????????### #?????????### | | ???????????????????????????###???????????## | | ??????????????????????????????????????????## | | ???????????????????????????????????????????##" | | ????????????????????????????????????????????#""" | | ????????????????????????????????????????????#" | | ???????????????????????????????????????????#"" | | ???????????????????????????????????????????#""" | | ??????????????????????????????????????????#""" | | ??????????????????????????????????????????#""" | | ???????????????????????????????????????????"" | | ???????????????????????????????????????????""" | | ???????????????????????????????????????????"" | | ????????????????????????????????????????????"" | | ???????????????????????????????????????????#"""" | | ????????????????????????????????????????????? | | ?????????????????????????????????????????????? | | ???????????????????????????????????????????????"" | | ????????????????????????????????????????????????? | | ?????????????????????????????????????????????????? | +----------------------------------------------------+ Best States ------------- Heat Dissipation 35 Energy Generation 10 Energy Capacity 250 Matter Stores 300 Matter Capacity 300 Sight Range 16 Terrain Scan Density 10 Armor Coverage 150 Evasion (%) 42 Recoil Reduction 2 Item Schematics ----------------- Lrg. Storage Unit | -10/Materials | Hacked Robot Schematics ------------------ None Fabricated ------------ Nothing Alien Tech Used ----------------- None Achievements -------------- None Challenges ------------ None Game ------ Seed ControlGlidesysShielding Manual? 0 Play Time 00:18:44 Cumulative 187.1 hours Start 2021.01.18 @ 00:09:45 End 2021.01.18 @ 00:27:44 Sessions 1 Manual Loads 0 Difficulty Rogue Special Mode None Game No. 62 Rogue 47 Adventurer 15 Explorer 0 Win Type - Total 6 Types 3/0/1/1/1/0/0/0/0 Lore% 82 Gallery% 82 Achievement% 69 Wizard Run 0 Options --------- ASCII 0 Keyboard 0 Movement Numpad Keybinds 0 Fullscreen 1 Font 18/SmallcapsGlow Map View 76x50 Tactical HUD 1 Map Filters NONE Filters NONE Steam 1 RUN: c302a7f4-a8a6-4989-9961-be4472e8420b